 Dungeon Crawl Stone Soup version 0.30-a0-691-g754fce4c43 (webtiles) character file.

Game seed: 2224260928063262109

125 HoaS the Shooter (level 5, 0/30 HPs)
             Began as a Gargoyle Hunter on Jan 19, 2023.
             Was a Follower of Zin.
             Slain by an orc wizard
             ... wielding a +0 dagger
              (2 damage)
             ... on level 4 of the Dungeon.
             The game lasted 00:06:23 (2557 turns).

HoaS the Shooter (Gargoyle Hunter)                  Turns: 2557, Time: 00:06:24

Health: 0/30       AC:  9    Str: 14    XL:     5   Next: 9%
Magic:  5/5        EV: 11    Int: 10    God:    Zin [*.....]
Gold:   209        SH:  0    Dex: 15    Spells: 4/4 levels left

rFire   . . .      SeeInvis .    a - +0 shortbow
rCold   . . .      Faith    .    (shield currently unavailable)
rNeg    + . .      Spirit   .    c - +0 leather armour
rPois   ∞          Reflect  .    (no helmet)
rElec   +          Harm     .    h - +0 cloak
rCorr   .          Rampage  .    k - +0 pair of gloves
Will    .....                    (no boots)
Stlth   ++                       (no amulet)
HPRegen 0.25/turn                (no ring)
MPRegen 0.09/turn                (no ring)

@: invisible (expiring)
A: sickness immunity, AC +4, negative energy resistance 1, electricity
resistance, torment resistance 1, petrification resistance
a: Renounce Religion, Recite, Donate Gold


You were on level 4 of the Dungeon.
You worshipped Zin.
Zin was aware of your devotion.
You visited 1 branch of the dungeon, and saw 5 of its levels.

You collected 232 gold pieces.
You donated 23 gold pieces to Zin.

Inventory:

Hand Weapons
 a - a +0 shortbow (weapon)
Armour
 c - a +0 leather armour (worn)
 h - a +0 cloak (worn)
 k - a +0 pair of gloves (worn)
Scrolls
 b - 2 scrolls of immolation
 d - 3 scrolls of teleportation
Potions
 e - 3 potions of curing
 f - a potion of mutation
 g - a potion of flight
 j - a potion of magic {unknown}
 l - 2 potions of brilliance {unknown}
 m - a potion of resistance {unknown}
 n - a potion of ambrosia {unknown}


   Skills:
 - Level 2.1 Fighting
 * Level 6.2 Ranged Weapons
 - Level 1.5 Dodging
 - Level 1.1 Stealth
 + Level 0.2 Invocations


You had 4 spell levels left.
You didn't know any spells.
Your spell library contained the following spells:

 Spells                   Type           Power      Damage    Failure   Level
 Apportation              Tloc           0%         N/A       43%         1
 Necrotise                Necr           0%         1d4       43%         1
 Summon Small Mammal      Summ           0%         N/A       43%         1
 Ensorcelled Hibernation  Hex/Ice        0%         N/A       58%         2
 Static Discharge         Conj/Air       0%         2-2/arc   58%         2
 Spider Form              Tmut/Pois      0%         N/A       82%         3
 Vhi's Electric Charge    Tloc/Air       0%         N/A       82%         3
 Anguish                  Hex/Necr       0%         N/A       99%         4
 Arcjolt                  Conj/Air       0%         1d10      100%        5
 Lightning Bolt           Conj/Air       0%         1d11      100%        5


Dungeon Overview and Level Annotations

Branches:
Dungeon (5/15)
 Temple: D:4-7

Altars:
Cheibriados
Dithmenos
Qazlal
Zin
The Shining One

Annotations:
D:4 Grinder, Ijyb


Innate Abilities, Weirdness & Mutations

You are immune to sickness and miasma.
Your stone body is resilient. (AC +4)
You are immune to poison.
You resist negative energy. (rN+)
You are resistant to electric shocks. (rElec)
You are resistant to unholy torment.
You are immune to petrification.


Message History

The hound attacks as you move away! The hound barely misses you.
A ball python comes into view.
The hound barely misses you. The adder bites you but does no damage.
A centaur comes into view.
The kobold shouts!
An orc comes into view. It is wielding a +0 club.
The hound bites you but does no damage. The hound bites you but does no damage.
An endoplasm comes into view.
Found a manual of Unarmed Combat.
The endoplasm quivers.
The hound closely misses you. The hound attacks as you move away!
The hound barely misses you. The hound bites you.
The hound attacks as you move away! The hound bites you but does no damage.
Grinder says, "You look like you could use a good racking."
The hound attacks as you move away! The hound bites you.
A giant cockroach comes into view.
The hound bites you but does no damage. The hound bites you.
* * * LOW HITPOINT WARNING * * *
The hound bites you.
* * * LOW HITPOINT WARNING * * *
The hound bites you.
* * * LOW HITPOINT WARNING * * *
The hound barely misses you.
The centaur wields a +0 shortbow.
The centaur shoots an arrow.
The arrow hits the endoplasm!
The endoplasm dies!
The orc wizard casts a spell.
The orc wizard flickers and vanishes!
Deactivating autopickup; reactivate with Ctrl-A.
The hound barely misses you.
You hear an angry hiss.
The orc shouts!
You flicker for a moment.
The centaur shouts!
You hear a shout!
The centaur shoots an arrow.
The arrow barely misses the hound.
The arrow closely misses you. The hound bites you. Zin protects you from harm!
Something hits you.
You die...

#### #... #.## #.#
#.# ## ###.##
##..##### #.....
#..oc..@## ######
..##.##h{# # #.....
....# ..##.# ##
#.##.###
........#..##.#5#
#..#.##.# #
.......S.c:J..c#
#.......# #
...##.#.##..#.#
+.......###
#..##.##...##o#
#.......... .
#..##rS##o##..#
#.....†###.
#.###..##.o......##
##....#. .


You could see Grinder (unable to see you), 2 centaurs, a hound and 2 orcs.

Vanquished Creatures
  A hound (D:3)
  2 adders (D:2)
  A worm (D:2)
  A dart slug (D:3)
  2 orcs
  9 bats
  5 endoplasms
  5 giant cockroaches
  6 goblins
  5 hobgoblins
  2 jackals (D:4)
  5 kobolds
  7 quokkas
  6 ball pythons
  6 frilled lizards
  3 rats
66 creatures vanquished.

Vanquished Creatures (others)
  An endoplasm (D:4)
  A hobgoblin (D:4)
2 creatures vanquished.

Grand Total: 68 creatures vanquished

Notes
Turn   | Place    | Note
-------+----------+-------------------------------------------
     0 | D:1      | HoaS the Gargoyle Hunter began the quest for the Orb.
     0 | D:1      | Reached XP level 1. HP: 12/12 MP: 1/1
   100 | D:1      | Reached XP level 2. HP: 17/17 MP: 2/2
   514 | D:1      | Reached XP level 3. HP: 21/21 MP: 3/3
   581 | D:1      | Reached skill level 5 in Ranged Weapons
   915 | D:2      | Found a faded altar of an unknown god.
  1063 | D:2      | Reached XP level 4. HP: 23/26 MP: 4/4
  1548 | D:3      | Reached skill level 6 in Ranged Weapons
  1844 | D:3      | Found a glowing golden altar of the Shining One.
  1845 | D:3      | Found a shadowy altar of Dithmenos.
  1846 | D:3      | Found a stormy altar of Qazlal.
  1846 | D:3      | Found a snail-covered altar of Cheibriados.
  2055 | D:3      | Found a glowing silver altar of Zin.
  2123 | D:3      | Reached XP level 5. HP: 30/30 MP: 5/5
  2379 | D:3      | Became a worshipper of Zin the Law-Giver
  2379 | D:3      | Reached * piety under Zin
  2468 | D:4      | You fall into a shaft and drop 1 floor!
  2468 | D:5      | Entered Level 5 of the Dungeon
  2479 | D:5      | Noticed an ogre
  2488 | D:4      | Noticed Grinder
  2492 | D:4      | Paralysed by Grinder for 5 turns
  2509 | D:4      | Noticed Ijyb
  2538 | D:4      | Noticed a centaur
  2544 | D:4      | Noticed a centaur
  2555 | D:4      | HP: 1/30 [hound (1)]
  2557 | D:4      | Zin protects you from harm!
  2557 | D:4      | Slain by an orc wizard

Illustrated notes

Levels and vault maps discovered:
D:1:      heliophobic_arrival_battle_scene, layout_loops_ring
D:2:      layout_loops_ring, shapermc_ecumenical_altar_pompeii,
          chequers_serial_rivers_small_a
D:3:      layout_basic, mainiacjoe_overflow_surrounded_room,
          mainiacjoe_overflow_alcove_3, hangedman_decor_push,
          grunt_decor_fettered
D:4:      layout_basic, xom_confusion_cloud, minmay_manual_mares, uniq_ijyb,
          uniq_grinder
D:5:      layout_cave_pools, minmay_temple_entry_gardened_gates,
          minmay_misc_feat_enclosed

Skill      XL: |  1  2  3  4 |
---------------+-------------+-----
Ranged Weapons | 5 6 |  6.2
Fighting       | |  2.1
Dodging        | |  1.5
Stealth        | |  1.1
Invocations    | |  0.2

Action                   |  1- 3 |  4- 6 || total
-------------------------+-------+-------++-------
Melee: Shortbow          |       |     5 ||     5
 Fire: Shortbow          |   101 |    76 ||   177
  Use: Scroll            |     3 |     7 ||    10
       Potion            |       |     2 ||     2
Armor: Leather armour    |    11 |    36 ||    47
Dodge: Dodged            |    19 |    49 ||    68

Table legend: (Time is in decaauts)
 A = Elapsed time spent in this place.
 B = Non-inter-level travel time spent in this place.
 C = Inter-level travel time spent in this place.
 D = Time resting spent in this place.
 E = Time spent auto-exploring this place.
 F = Levels seen in this place.
 G = Mean time per level.
                   A        B        C        D        E       F      G
               +--------+--------+--------+--------+--------+-----+--------+
         Total |   2607 |   2466 |    141 |     51 |   1946 |   5 |  521.4 |
       Dungeon |   2607 |   2466 |    141 |     51 |   1946 |   5 |  521.4 |
               +--------+--------+--------+--------+--------+-----+--------+

Top non-repeatable levels by time:
     D:3: 901 daAuts
     D:1: 842 daAuts
     D:2: 696 daAuts
     D:4: 154 daAuts
     D:5: 12 daAuts
